Patriotes vs Rafales
(R2)
Created - May 16, 2019 at 23:14
Goals
|
| Patriotes |
0 |
2 |
2 |
4 |
| Rafales |
0 |
0 |
1 |
1 |
|
Shots
|
| Patriotes |
12 |
13 |
15 |
40 |
| Rafales |
12 |
5 |
18 |
35 |
|
1st period
No Goal
Penalties :
Timothy Kunes (Nyc) for Hooking (Minor) at 6:54
2nd period
1. Patriotes , Timothy Kunes 2 (Justin Florek 1, Emerson Etem 2) at 4:09
2. Patriotes , Christian Hanson 1 (Aaron Ness 1) at 4:23
Penalties :
Nathan Davis (Stf) for Roughing (Minor) at 5:06, Matt Gilroy (Stf) for High sticking (Minor) at 11:31, Matt Calvert (Nyc) for Interference (Minor) at 15:52
3rd period
3. Patriotes , Christian Hanson 2 (Cody Eakin 3) at 2:29
4. Rafales , Matt Gilroy 2 (Connor Murphy 3, Leland Irving) at 9:25
5. Patriotes , Cody Eakin 3 (Aaron Ness 2, Christian Hanson 3) at 19:38
Penalties :
Matt Gilroy (Stf) for Holding (Minor) at 1:39, Timothy Kunes (Nyc) for Cross-checking (Minor) at 1:47, Timothy Kunes (Nyc) for Interference (Minor) at 10:49, James Marcou (Stf) for Cross-checking (Minor) at 14:05, Shea Theodore (Nyc) for Delaying the game (Minor) at 16:43, Matt Gilroy (Stf) for Hooking (Minor) at 19:41
Goalie Stats
Marek Schwarz (Nyc), 34 saves from 35 shots - (0.971), W, 2-2-0, 60:00 minutes
Leland Irving (Stf), 36 saves from 40 shots - (0.900), L, 2-2-0, 60:00 minutes
Players Stats for Patriotes
Player Name G A P +/- PIM S H SB GA TA FO MP PP MP PK MP
------------------------------------------------------------------------------------
Aaron Ness 0 2 2 1 0 3 0 1 0 1 0/0 20:30 2:43 3:08
Aleksander Barkov 0 0 0 0 0 3 0 0 1 0 1/5 8:28 0:00 0:00
Austin Watson 0 0 0 0 0 0 0 1 0 0 0/0 10:29 0:00 1:22
Borna Rendulic 0 0 0 0 0 1 1 0 0 0 0/0 8:55 0:05 0:00
Christian Hanson 2 1 3 4 0 2 2 0 0 1 4/8 21:30 2:51 4:38
Cody Eakin 1 1 2 1 0 4 0 0 0 0 13/39 24:31 3:27 4:41
Dale Weise 0 0 0 0 0 0 1 0 0 0 0/0 7:52 0:00 0:00
David Kolomatis 0 0 0 1 0 2 0 0 0 1 0/0 21:38 2:43 3:54
Dillon Heatherington 0 0 0 0 0 0 1 2 0 0 0/0 12:22 0:00 2:10
Emerson Etem 0 1 1 2 0 5 3 0 1 1 0/0 14:30 2:51 0:00
Jared Knight 0 0 0 0 0 0 0 0 0 0 4/6 7:52 0:00 0:00
Justin Florek 0 1 1 2 0 2 3 0 0 2 1/2 14:30 2:51 0:00
Mario Lucia 0 0 0 0 0 0 0 0 0 0 0/1 7:52 0:00 0:00
Matt Calvert 0 0 0 -1 2 5 1 0 3 1 0/0 19:22 3:27 1:38
Maxim Mamin 0 0 0 0 0 0 0 0 0 0 0/0 0:00 0:00 0:00
Riley Barber 0 0 0 0 0 0 0 0 0 0 0/0 0:27 0:05 0:00
Robert Baillargeon 0 0 0 0 0 0 1 0 0 0 0/0 2:14 0:00 1:35
Ryan Fitzgerald 0 0 0 0 0 0 0 0 0 0 0/0 0:27 0:05 0:00
Shane Sims 0 0 0 2 0 6 1 3 0 0 0/0 27:52 3:40 4:48
Shea Theodore 0 0 0 2 2 1 1 1 1 0 0/0 13:23 0:00 0:07
Timothy Kunes 1 0 1 1 6 4 1 3 0 1 0/0 24:43 3:39 2:01
Tyler Randell 0 0 0 -1 0 2 7 0 0 0 2/2 20:33 3:27 2:14
Players Stats for Rafales
Player Name G A P +/- PIM S H SB GA TA FO MP PP MP PK MP
------------------------------------------------------------------------------------
Brian Ferlin 0 0 0 -1 0 0 2 0 1 0 0/0 12:23 0:00 1:21
Carl Klingberg 0 0 0 -1 0 0 2 0 1 0 0/0 17:14 4:01 2:06
Cedric Paquette 0 0 0 -1 0 1 0 0 0 0 3/4 9:32 0:00 0:13
Chris Terry 0 0 0 0 0 2 0 0 2 0 0/0 8:23 0:00 0:00
Cody McLeod 0 0 0 -1 0 9 1 0 1 0 2/3 22:50 4:03 3:35
Connor Murphy 0 1 1 -1 0 1 2 3 0 0 0/0 28:21 5:32 3:58
Dylan McIlrath 0 0 0 -2 0 0 3 0 0 0 0/0 12:15 0:00 0:10
James Marcou 0 0 0 0 2 2 1 1 0 1 0/0 8:27 0:00 0:00
James Sheppard 0 0 0 -1 0 1 1 0 0 0 1/1 11:02 0:00 0:26
Joey Laleggia 0 0 0 0 0 1 0 0 0 1 0/0 19:18 2:32 2:15
Julian Melchiori 0 0 0 -1 0 2 1 2 0 1 0/0 21:36 2:32 3:17
Kevin Veilleux 0 0 0 0 0 0 0 0 0 0 0/2 9:44 0:00 0:00
Matt Gilroy 1 0 1 0 6 3 3 0 0 2 0/0 25:16 5:35 2:15
Michael Ryder 0 0 0 0 0 3 0 0 1 0 0/0 19:10 4:00 1:11
Mike Zigomanis 0 0 0 -1 0 5 3 1 1 0 27/42 22:43 4:03 3:54
Milan Bartovic 0 0 0 -1 0 0 2 1 1 0 0/0 14:53 4:01 0:00
Nathan Davis 0 0 0 -1 2 5 0 1 0 0 5/11 15:19 4:01 0:00
Slater Koekkoek 0 0 0 -2 0 0 0 1 0 1 0/0 13:15 0:00 0:51
3 Stars
1 - Christian Hanson (Nyc)
2 - Marek Schwarz (Nyc)
3 - Cody Eakin (Nyc)
Power Play
Patriotes - 0 on 5 Attempt(s) - 0.00%
Rafales - 0 on 5 Attempt(s) - 0.00%
Penalty Kill
Patriotes - 5 on 5 Attempt(s) - 100.00%
- Score 0 goal in Penalty Kill
Rafales - 5 on 5 Attempt(s) - 100.00%
- Score 0 goal in Penalty Kill
Team Stat
Patriotes - Hits : 23 - Faceoff Wins : 25 - Blocked Shots : 11 - Penalty Minutes : 10
Rafales - Hits : 21 - Faceoff Wins : 38 - Blocked Shots : 10 - Penalty Minutes : 10
Official
Referees : Unknown
Linesman : Unknown
Game Notes
No Game Note
Finance
Level 1 -- Attendance: 1636 (81.80%) -- Ticket Income $65,440
Level 2 -- Attendance: 859 (85.90%) -- Ticket Income $17,180
Total Attendance: 2495 (83.17%)
Total Ticket Income: $82,620
Other Income: $4,131
Total Income: $86,751
Patriotes
5 vs 5 Forward
Center Left Wing Right Wing Time % Phy DF OF
1 Cody Eakin Matt Calvert Tyler Randell 40 1 2 2
2 Christian Hanson Justin Florek Emerson Etem 30 1 2 2
3 Aleksander Barkov Austin Watson Borna Rendulic 20 1 2 2
4 Jared Knight Mario Lucia Dale Weise 10 1 2 2
5 vs 5 Defense
Defense Defense Time % Phy DF OF
1 Timothy Kunes Shane Sims 40 1 2 2
2 David Kolomatis Aaron Ness 30 1 2 2
3 Shea Theodore Dillon Heatherington 20 1 2 2
4 Timothy Kunes Shane Sims 10 1 2 2
PowerPlay Forward
Center Left Wing Right Wing Time % Phy DF OF
1 Cody Eakin Matt Calvert Tyler Randell 60 1 2 2
2 Christian Hanson Justin Florek Emerson Etem 40 1 2 2
PowerPlay Defense
Defense Defense Time % Phy DF OF
1 Timothy Kunes Shane Sims 60 1 2 2
2 David Kolomatis Aaron Ness 40 1 2 2
Penalty Kill 4 Players Forward
Center Wing Time % Phy DF OF
1 Cody Eakin Christian Hanson 60 1 2 2
2 Tyler Randell Matt Calvert 40 1 2 2
Penalty Kill 4 Players Defense
Defense Defense Time % Phy DF OF
1 Timothy Kunes Shane Sims 60 1 2 2
2 David Kolomatis Aaron Ness 40 1 2 2
Penalty Kill - 3 Players Forward
Forward Time % Phy DF OF
1 Cody Eakin 60 1 2 2
2 Christian Hanson 40 1 2 2
Penalty Kill - 3 Players Defense
Defense Defense Time % Phy DF OF
1 Timothy Kunes Shane Sims 60 1 2 2
2 David Kolomatis Aaron Ness 40 1 2 2
4 vs 4 Forward
Center Wing Time % Phy DF OF
1 Cody Eakin Christian Hanson 60 1 2 2
2 Tyler Randell Matt Calvert 40 1 2 2
4 vs 4 Defense
Defense Defense Time % Phy DF OF
1 Timothy Kunes Shane Sims 60 1 2 2
2 David Kolomatis Aaron Ness 40 1 2 2
Last Minutes Offensive
Center Left Wing Right Wing Defense Defense
Cody Eakin Matt Calvert Tyler Randell Timothy Kunes Shane Sims
Last Minutes Defensive
Center Left Wing Right Wing Defense Defense
Cody Eakin Matt Calvert Tyler Randell Timothy Kunes Shane Sims
Goaltenders
Starting : Marek Schwarz
Backup : Thomas Greiss
Extra Forwards
Normal : Ryan Fitzgerald, Riley Barber, Robert Baillargeon - PP : Ryan Fitzgerald, Riley Barber - PK : Robert Baillargeon
Extra Defensemen
Normal : Shea Theodore, Dillon Heatherington, David Kolomatis - PP : Shea Theodore - PK : Dillon Heatherington, David Kolomatis
Penalty Shots
Cody Eakin, Christian Hanson, Tyler Randell, Matt Calvert, Emerson Etem
Scratches
Jason Zucker (Healthy), Anthony Bitetto (Healthy), Andrei Vasilevskiy (Healthy), Phoenix Copley (Healthy)
Rafales
5 vs 5 Forward
Center Left Wing Right Wing Time % Phy DF OF
1 Mike Zigomanis Cody McLeod Michael Ryder 40 0 1 4
2 Nathan Davis Carl Klingberg Milan Bartovic 30 0 1 4
3 Kevin Veilleux James Sheppard Brian Ferlin 20 1 1 3
4 Cedric Paquette Chris Terry James Marcou 10 2 1 2
5 vs 5 Defense
Defense Defense Time % Phy DF OF
1 Matt Gilroy Connor Murphy 40 1 3 1
2 Julian Melchiori Joey Laleggia 30 1 3 1
3 Dylan McIlrath Slater Koekkoek 20 1 3 1
4 Matt Gilroy Connor Murphy 10 1 3 1
PowerPlay Forward
Center Left Wing Right Wing Time % Phy DF OF
1 Mike Zigomanis Cody McLeod Michael Ryder 60 0 0 5
2 Nathan Davis Carl Klingberg Milan Bartovic 40 0 0 5
PowerPlay Defense
Defense Defense Time % Phy DF OF
1 Matt Gilroy Connor Murphy 60 0 2 3
2 Julian Melchiori Joey Laleggia 40 0 2 3
Penalty Kill 4 Players Forward
Center Wing Time % Phy DF OF
1 Mike Zigomanis Cody McLeod 60 1 3 1
2 Michael Ryder Carl Klingberg 40 1 3 1
Penalty Kill 4 Players Defense
Defense Defense Time % Phy DF OF
1 Matt Gilroy Connor Murphy 60 2 3 0
2 Julian Melchiori Joey Laleggia 40 2 3 0
Penalty Kill - 3 Players Forward
Forward Time % Phy DF OF
1 Mike Zigomanis 60 1 4 0
2 Cody McLeod 40 1 4 0
Penalty Kill - 3 Players Defense
Defense Defense Time % Phy DF OF
1 Matt Gilroy Connor Murphy 60 2 3 0
2 Julian Melchiori Joey Laleggia 40 1 4 0
4 vs 4 Forward
Center Wing Time % Phy DF OF
1 Mike Zigomanis Cody McLeod 60 1 1 3
2 Michael Ryder Carl Klingberg 40 1 1 3
4 vs 4 Defense
Defense Defense Time % Phy DF OF
1 Matt Gilroy Connor Murphy 60 1 3 1
2 Julian Melchiori Joey Laleggia 40 1 3 1
Last Minutes Offensive
Center Left Wing Right Wing Defense Defense
Mike Zigomanis Cody McLeod Michael Ryder Matt Gilroy Connor Murphy
Last Minutes Defensive
Center Left Wing Right Wing Defense Defense
Mike Zigomanis Cody McLeod Michael Ryder Matt Gilroy Connor Murphy
Goaltenders
Starting : Leland Irving
Backup : Sean Maguire
Extra Forwards
Normal : Mike Zigomanis, Cody McLeod, Michael Ryder - PP : Mike Zigomanis, Cody McLeod - PK : Brian Ferlin
Extra Defensemen
Normal : Matt Gilroy, Connor Murphy, Julian Melchiori - PP : Matt Gilroy - PK : Connor Murphy, Julian Melchiori
Penalty Shots
Mike Zigomanis, Cody McLeod, Michael Ryder, Carl Klingberg, James Sheppard
Scratches
Ben Sexton (Healthy), Ryan Bourque (Healthy), Ben Johnson (Healthy), Jayson Megna (Healthy), Brad Ross (Healthy)
Ben Thomson (Healthy), Tyrell Goulbourne (Healthy), David Broll (Healthy), Stefan Chaput (Healthy), Dennis Persson (Healthy)
Akim Aliu (Healthy), Maksim Mayorov (Healthy), Chris Driedger (Healthy)
% Time on Ice - Patriotes
Lines # - Real PCT - Wanted PCT - Time Play
Normal Forward
1 - 35% - 40% - 15:17
2 - 28% - 30% - 12:05
3 - 19% - 20% - 8:28
4 - 18% - 10% - 7:52
Normal Defense
1 - 39% - 40% - 16:54
2 - 34% - 30% - 15:01
3 - 23% - 20% - 10:00
4 - 4% - 10% - 1:47
PP Forward
1 - 55% - 60% - 3:32
2 - 45% - 40% - 2:51
PP Defense
1 - 57% - 60% - 3:40
2 - 43% - 40% - 2:43
PK Forward
1 - 72% - 60% - 5:50
2 - 28% - 40% - 2:14
PK Defense
1 - 61% - 60% - 4:56
2 - 39% - 40% - 3:08
PK3 Forward
1 - 0% - 60%
2 - 0% - 40%
PK3 Defense
1 - 0% - 60%
2 - 0% - 40%
44 Forward
1 - 77% - 60% - 1:26
2 - 23% - 40% - 0:25
44 Defense
1 - 83% - 60% - 1:32
2 - 17% - 40% - 0:19
Last Minute Offensive - 0:00
Last Minute Defensive - 0:00
Total
Forward - 60:00
Defense - 60:00
|
% Time on Ice - Rafales
Lines # - Real PCT - Wanted PCT - Time Play
Normal Forward
1 - 32% - 40% - 13:52
2 - 27% - 30% - 11:43
3 - 22% - 20% - 9:44
4 - 19% - 10% - 8:23
Normal Defense
1 - 38% - 40% - 16:49
2 - 33% - 30% - 14:27
3 - 27% - 20% - 11:46
4 - 2% - 10% - 0:40
PP Forward
1 - 50% - 60% - 4:03
2 - 50% - 40% - 4:01
PP Defense
1 - 69% - 60% - 5:32
2 - 31% - 40% - 2:32
PK Forward
1 - 81% - 60% - 5:12
2 - 19% - 40% - 1:11
PK Defense
1 - 65% - 60% - 4:08
2 - 35% - 40% - 2:15
PK3 Forward
1 - 0% - 60%
2 - 0% - 40%
PK3 Defense
1 - 0% - 60%
2 - 0% - 40%
44 Forward
1 - 77% - 60% - 1:26
2 - 23% - 40% - 0:25
44 Defense
1 - 96% - 60% - 1:47
2 - 4% - 40% - 0:04
Last Minute Offensive - 0:00
Last Minute Defensive - 0:00
Total
Forward - 60:00
Defense - 60:00
|
Play-by-Play
1st period
0:01 of 1st period - Cody Eakin wins face-off versus Mike Zigomanis in neutral zone.
0:26 of 1st period - Matt Gilroy is hit by Justin Florek and loses puck.
0:51 of 1st period - Borna Rendulic is hit by James Sheppard and loses puck.
1:12 of 1st period - Snap shot by Shane Sims.
1:12 of 1st period - Stopped by Leland Irving without a rebound.
1:13 of 1st period - Jared Knight wins face-off versus Mike Zigomanis in Rafales zone.
1:20 of 1st period - Wrist shot by Cody McLeod.
1:20 of 1st period - Stopped by Marek Schwarz without a rebound.
1:21 of 1st period - Cody Eakin wins face-off versus Mike Zigomanis in Patriotes zone.
1:21 of 1st period - Cody Eakin is hit by Connor Murphy.
1:31 of 1st period - Aaron Ness is hit by Mike Zigomanis and loses puck.
1:52 of 1st period - Snap shot by Emerson Etem.
1:52 of 1st period - Stopped by Leland Irving without a rebound.
1:53 of 1st period - Justin Florek wins face-off versus Nathan Davis in Rafales zone.
2:50 of 1st period - Cody Eakin is hit by Matt Gilroy and loses puck.
3:25 of 1st period - Icing by Carl Klingberg.
3:26 of 1st period - Jared Knight wins face-off versus Nathan Davis in Rafales zone.
3:27 of 1st period - Slapshot by Aaron Ness.
3:27 of 1st period - Stopped by Leland Irving without a rebound.
3:28 of 1st period - Mike Zigomanis wins face-off versus Jared Knight in Rafales zone.
3:53 of 1st period - James Sheppard is hit by Tyler Randell and loses puck.
4:21 of 1st period - Nathan Davis is hit by Timothy Kunes and loses puck.
4:40 of 1st period - Mike Zigomanis is hit by Emerson Etem and loses puck.
5:06 of 1st period - Jared Knight is hit by James Marcou and loses puck.
5:31 of 1st period - Nathan Davis is hit by Tyler Randell and loses puck.
5:44 of 1st period - Wrist shot by James Sheppard.
5:44 of 1st period - Shot Misses the Net.
6:54 of 1st period - Minor Penalty to Timothy Kunes for Hooking.
6:55 of 1st period - Cody McLeod wins face-off versus Cody Eakin in Patriotes zone.
6:59 of 1st period - Wrist shot by Michael Ryder.
6:59 of 1st period - Stopped by Marek Schwarz with a rebound.
7:01 of 1st period - Wrist shot by Michael Ryder.
7:01 of 1st period - Shot Misses the Net.
7:03 of 1st period - Slapshot by Mike Zigomanis.
7:03 of 1st period - Stopped by Marek Schwarz with a rebound.
7:05 of 1st period - Slapshot by Matt Gilroy.
7:05 of 1st period - Shot Misses the Net.
7:07 of 1st period - Snap shot by Mike Zigomanis.
7:07 of 1st period - Stopped by Marek Schwarz without a rebound.
7:08 of 1st period - Cody Eakin wins face-off versus Mike Zigomanis in Patriotes zone.
7:17 of 1st period - Snap shot by Christian Hanson.
7:17 of 1st period - Deflect By Cody Eakin.
7:17 of 1st period - Stopped by Leland Irving with a rebound.
7:43 of 1st period - Icing by Carl Klingberg.
7:44 of 1st period - Tyler Randell wins face-off versus Nathan Davis in Rafales zone.
8:54 of 1st period - Penalty to Timothy Kunes is over, Timothy Kunes is back on ice.
9:19 of 1st period - Snap shot by Tyler Randell.
9:19 of 1st period - Stopped by Leland Irving without a rebound.
9:20 of 1st period - Aleksander Barkov wins face-off versus Mike Zigomanis in Rafales zone.
9:23 of 1st period - Slapshot by Aleksander Barkov.
9:23 of 1st period - Deflect By Borna Rendulic.
9:23 of 1st period - Stopped by Leland Irving with a rebound.
9:25 of 1st period - Slapshot by Dillon Heatherington.
9:25 of 1st period - Shot Blocked by Julian Melchiori.
9:53 of 1st period - Slapshot by Shane Sims.
9:53 of 1st period - Stopped by Leland Irving without a rebound.
9:54 of 1st period - Tyler Randell wins face-off versus Mike Zigomanis in Rafales zone.
10:09 of 1st period - Wrist shot by Cody McLeod.
10:09 of 1st period - Stopped by Marek Schwarz without a rebound.
10:10 of 1st period - Nathan Davis wins face-off versus Christian Hanson in Patriotes zone.
10:23 of 1st period - Wrist shot by Emerson Etem.
10:23 of 1st period - Stopped by Leland Irving without a rebound.
10:24 of 1st period - Mike Zigomanis wins face-off versus Cody Eakin in Rafales zone.
10:31 of 1st period - Slapshot by Cody McLeod.
10:31 of 1st period - Stopped by Marek Schwarz without a rebound.
10:32 of 1st period - Cody Eakin wins face-off versus Mike Zigomanis in Patriotes zone.
10:36 of 1st period - Off-side.
10:37 of 1st period - Mike Zigomanis wins face-off versus Cody Eakin in neutral zone.
10:48 of 1st period - Wrist shot by Mike Zigomanis.
10:48 of 1st period - Shot Misses the Net.
10:50 of 1st period - Slapshot by Matt Gilroy.
10:50 of 1st period - Shot Blocked by Shane Sims.
10:52 of 1st period - Snap shot by Mike Zigomanis.
10:52 of 1st period - Shot Misses the Net.
11:22 of 1st period - Timothy Kunes is hit by Brian Ferlin.
12:50 of 1st period - Emerson Etem is hit by Brian Ferlin and loses puck.
13:15 of 1st period - Slapshot by Shane Sims.
13:15 of 1st period - Stopped by Leland Irving with a rebound.
13:17 of 1st period - Slapshot by Timothy Kunes.
13:17 of 1st period - Stopped by Leland Irving with a rebound.
13:27 of 1st period - Wrist shot by Jared Knight.
13:27 of 1st period - Shot Blocked by Slater Koekkoek.
13:29 of 1st period - Slapshot by Aaron Ness.
13:29 of 1st period - Stopped by Leland Irving with a rebound.
13:31 of 1st period - Slapshot by Aaron Ness.
13:31 of 1st period - Shot Misses the Net.
14:11 of 1st period - Slapshot by James Sheppard.
14:11 of 1st period - Shot Misses the Net.
14:13 of 1st period - Snap shot by Kevin Veilleux.
14:13 of 1st period - Shot Misses the Net.
14:58 of 1st period - Snap shot by Nathan Davis.
14:58 of 1st period - Stopped by Marek Schwarz with a rebound.
15:00 of 1st period - Slapshot by Julian Melchiori.
15:00 of 1st period - Stopped by Marek Schwarz with a rebound.
15:10 of 1st period - James Marcou is hit by Matt Calvert and loses puck.
15:34 of 1st period - Slapshot by Cody McLeod.
15:34 of 1st period - Shot Hit the Post.
15:52 of 1st period - Cody Eakin is hit by Connor Murphy.
15:56 of 1st period - James Sheppard is hit by Tyler Randell and loses puck.
16:11 of 1st period - Carl Klingberg is hit by Tyler Randell.
16:15 of 1st period - Cody Eakin is hit by Milan Bartovic.
16:19 of 1st period - Tyler Randell is hit by Dylan McIlrath and loses puck.
16:23 of 1st period - Icing by Dale Weise.
16:24 of 1st period - Jared Knight wins face-off versus Mike Zigomanis in Patriotes zone.
16:24 of 1st period - Jared Knight is hit by Dylan McIlrath.
16:30 of 1st period - David Kolomatis is hit by Cody McLeod and loses puck.
16:39 of 1st period - Slapshot by Shea Theodore.
16:39 of 1st period - Shot Misses the Net.
16:51 of 1st period - Dylan McIlrath is hit by Dillon Heatherington and loses puck.
17:17 of 1st period - Austin Watson is hit by Julian Melchiori and loses puck.
18:11 of 1st period - Cody McLeod is hit by Justin Florek and loses puck.
18:28 of 1st period - Wrist shot by Carl Klingberg.
18:28 of 1st period - Shot Blocked by Timothy Kunes.
18:30 of 1st period - Snap shot by Nathan Davis.
18:30 of 1st period - Stopped by Marek Schwarz with a rebound.
18:32 of 1st period - Slapshot by Nathan Davis.
18:32 of 1st period - Stopped by Marek Schwarz without a rebound.
18:33 of 1st period - Mike Zigomanis wins face-off versus Cody Eakin in Patriotes zone.
19:01 of 1st period - Slapshot by Carl Klingberg.
19:01 of 1st period - Shot Blocked by Dillon Heatherington.
19:21 of 1st period - Snap shot by Aleksander Barkov.
19:21 of 1st period - Stopped by Leland Irving with a rebound.
19:53 of 1st period - Wrist shot by James Marcou.
19:53 of 1st period - Stopped by Marek Schwarz without a rebound.
19:54 of 1st period - Mike Zigomanis wins face-off versus Cody Eakin in Patriotes zone.
19:57 of 1st period - Slapshot by Michael Ryder.
19:57 of 1st period - Stopped by Marek Schwarz with a rebound.
Goals for this period are 0 for Patriotes vs 0 for Rafales.
Shots for this period are 12 for Patriotes vs 12 for Rafales.
2nd period
0:01 of 2nd period - Mike Zigomanis wins face-off versus Cody Eakin in neutral zone.
1:14 of 2nd period - Slapshot by Timothy Kunes.
1:14 of 2nd period - Stopped by Leland Irving without a rebound.
1:15 of 2nd period - Cody Eakin wins face-off versus Mike Zigomanis in Rafales zone.
1:45 of 2nd period - Wrist shot by Christian Hanson.
1:45 of 2nd period - Shot Hit the Post.
1:47 of 2nd period - Slapshot by Aaron Ness.
1:47 of 2nd period - Deflect By Justin Florek.
1:47 of 2nd period - Shot Blocked by Julian Melchiori.
1:47 of 2nd period - Puck is out of play.
1:48 of 2nd period - Mike Zigomanis wins face-off versus Justin Florek in Rafales zone.
1:48 of 2nd period - Mike Zigomanis is hit by Justin Florek.
2:57 of 2nd period - Slapshot by David Kolomatis.
2:57 of 2nd period - Stopped by Leland Irving without a rebound.
2:58 of 2nd period - Cedric Paquette wins face-off versus Mario Lucia in Rafales zone.
2:58 of 2nd period - Connor Murphy is hit by Dale Weise and loses puck.
3:07 of 2nd period - Slapshot by Shane Sims.
3:07 of 2nd period - Stopped by Leland Irving with a rebound.
3:09 of 2nd period - Slapshot by Timothy Kunes.
3:09 of 2nd period - Shot Misses the Net.
3:11 of 2nd period - Slapshot by Shane Sims.
3:11 of 2nd period - Stopped by Leland Irving with a rebound.
3:31 of 2nd period - Snap shot by Michael Ryder.
3:31 of 2nd period - Shot Blocked by Timothy Kunes.
4:07 of 2nd period - Snap shot by Emerson Etem.
4:07 of 2nd period - Deflect By Justin Florek.
4:07 of 2nd period - Stopped by Leland Irving with a rebound.
4:09 of 2nd period - Slapshot by Timothy Kunes.
4:09 of 2nd period - Goal by Timothy Kunes - Patriotes : 1 - Rafales : 0.
4:10 of 2nd period - Christian Hanson wins face-off versus Mike Zigomanis in neutral zone.
4:17 of 2nd period - Wrist shot by Emerson Etem.
4:17 of 2nd period - Stopped by Leland Irving without a rebound.
4:18 of 2nd period - Mike Zigomanis wins face-off versus Christian Hanson in Rafales zone.
4:23 of 2nd period - Wrist shot by Christian Hanson.
4:23 of 2nd period - Goal by Christian Hanson - Patriotes : 2 - Rafales : 0.
4:24 of 2nd period - Cody Eakin wins face-off versus Mike Zigomanis in neutral zone.
5:06 of 2nd period - Minor Penalty to Nathan Davis for Roughing.
5:07 of 2nd period - Mike Zigomanis wins face-off versus Cody Eakin in Rafales zone.
6:50 of 2nd period - Icing by Cody Eakin.
6:51 of 2nd period - James Sheppard wins face-off versus Cody Eakin in Patriotes zone.
7:06 of 2nd period - Penalty to Nathan Davis is over, Nathan Davis is back on ice.
7:18 of 2nd period - Wrist shot by Cody McLeod.
7:18 of 2nd period - Shot Blocked by Aaron Ness.
7:40 of 2nd period - Slapshot by Timothy Kunes.
7:40 of 2nd period - Shot Blocked by James Marcou.
7:42 of 2nd period - Slapshot by Shane Sims.
7:42 of 2nd period - Shot Misses the Net.
7:44 of 2nd period - Slapshot by Shane Sims.
7:44 of 2nd period - Stopped by Leland Irving with a rebound.
8:52 of 2nd period - Julian Melchiori is hit by Christian Hanson and loses puck.
9:13 of 2nd period - Snap shot by Cedric Paquette.
9:13 of 2nd period - Shot Blocked by Dillon Heatherington.
9:20 of 2nd period - Icing by Shea Theodore.
9:21 of 2nd period - Mike Zigomanis wins face-off versus Aleksander Barkov in Patriotes zone.
9:24 of 2nd period - Wrist shot by Mike Zigomanis.
9:24 of 2nd period - Shot Blocked by Austin Watson.
9:26 of 2nd period - Wrist shot by Mike Zigomanis.
9:26 of 2nd period - Shot Hit the Post.
9:28 of 2nd period - Snap shot by Cody McLeod.
9:28 of 2nd period - Stopped by Marek Schwarz with a rebound.
9:30 of 2nd period - Snap shot by Cody McLeod.
9:30 of 2nd period - Stopped by Marek Schwarz with a rebound.
9:32 of 2nd period - Snap shot by Mike Zigomanis.
9:32 of 2nd period - Stopped by Marek Schwarz with a rebound.
9:34 of 2nd period - Slapshot by Mike Zigomanis.
9:34 of 2nd period - Stopped by Marek Schwarz without a rebound.
9:35 of 2nd period - Cody Eakin wins face-off versus Cody McLeod in Patriotes zone.
10:07 of 2nd period - Slapshot by Aaron Ness.
10:07 of 2nd period - Stopped by Leland Irving with a rebound.
10:09 of 2nd period - Slapshot by Christian Hanson.
10:09 of 2nd period - Shot Misses the Net.
11:19 of 2nd period - Backhand shot by Justin Florek.
11:19 of 2nd period - Stopped by Leland Irving without a rebound.
11:20 of 2nd period - Christian Hanson wins face-off versus Nathan Davis in Rafales zone.
11:25 of 2nd period - Wrist shot by Emerson Etem.
11:25 of 2nd period - Shot Blocked by Nathan Davis.
11:27 of 2nd period - Slapshot by Shane Sims.
11:27 of 2nd period - Deflect By Christian Hanson.
11:27 of 2nd period - Shot Blocked by Connor Murphy.
11:27 of 2nd period - Puck is out of play.
11:28 of 2nd period - Nathan Davis wins face-off versus Christian Hanson in Rafales zone.
11:28 of 2nd period - Nathan Davis is hit by Emerson Etem.
11:31 of 2nd period - Minor Penalty to Matt Gilroy for High sticking.
11:32 of 2nd period - Mike Zigomanis wins face-off versus Cody Eakin in Rafales zone.
13:31 of 2nd period - Penalty to Matt Gilroy is over, Matt Gilroy is back on ice.
13:44 of 2nd period - Snap shot by James Marcou.
13:44 of 2nd period - Stopped by Marek Schwarz with a rebound.
13:59 of 2nd period - Icing by Dale Weise.
14:00 of 2nd period - Jared Knight wins face-off versus Kevin Veilleux in Patriotes zone.
15:09 of 2nd period - Snap shot by Christian Hanson.
15:09 of 2nd period - Shot Misses the Net.
15:11 of 2nd period - Wrist shot by David Kolomatis.
15:11 of 2nd period - Deflect By Christian Hanson.
15:11 of 2nd period - Shot Misses the Net.
15:11 of 2nd period - Puck is out of play.
15:12 of 2nd period - Christian Hanson wins face-off versus Nathan Davis in Rafales zone.
15:15 of 2nd period - Slapshot by Emerson Etem.
15:15 of 2nd period - Shot Misses the Net.
15:37 of 2nd period - Tyler Randell is hit by Matt Gilroy and loses puck.
15:44 of 2nd period - Wrist shot by Cody McLeod.
15:44 of 2nd period - Shot Blocked by Shane Sims.
15:46 of 2nd period - Snap shot by Julian Melchiori.
15:46 of 2nd period - Shot Blocked by Shane Sims.
15:52 of 2nd period - Minor Penalty to Matt Calvert for Interference.
15:53 of 2nd period - Mike Zigomanis wins face-off versus Cody Eakin in Patriotes zone.
16:07 of 2nd period - Off-side.
16:08 of 2nd period - Mike Zigomanis wins face-off versus Cody Eakin in neutral zone.
16:15 of 2nd period - Snap shot by Cody McLeod.
16:15 of 2nd period - Shot Misses the Net.
16:33 of 2nd period - Cody Eakin is hit by Carl Klingberg and loses puck.
17:52 of 2nd period - Penalty to Matt Calvert is over, Matt Calvert is back on ice.
18:22 of 2nd period - Slater Koekkoek is hit by Shea Theodore and loses puck.
18:45 of 2nd period - Kevin Veilleux is hit by Shane Sims and loses puck.
19:27 of 2nd period - Wrist shot by Matt Calvert.
19:27 of 2nd period - Stopped by Leland Irving with a rebound.
19:29 of 2nd period - Slapshot by Matt Calvert.
19:29 of 2nd period - Stopped by Leland Irving without a rebound.
19:30 of 2nd period - Cody Eakin wins face-off versus Nathan Davis in Rafales zone.
19:54 of 2nd period - Aleksander Barkov is hit by Milan Bartovic and loses puck.
Goals for this period are 2 for Patriotes vs 0 for Rafales.
Shots for this period are 13 for Patriotes vs 5 for Rafales.
3rd period
0:01 of 3rd period - Cody McLeod wins face-off versus Cody Eakin in neutral zone.
0:10 of 3rd period - Slapshot by Cody McLeod.
0:10 of 3rd period - Stopped by Marek Schwarz without a rebound.
0:11 of 3rd period - Cody Eakin wins face-off versus Mike Zigomanis in Patriotes zone.
0:18 of 3rd period - Slapshot by Shane Sims.
0:18 of 3rd period - Shot Misses the Net.
0:20 of 3rd period - Snap shot by Tyler Randell.
0:20 of 3rd period - Shot Blocked by Connor Murphy.
0:22 of 3rd period - Slapshot by Tyler Randell.
0:22 of 3rd period - Shot Misses the Net.
0:36 of 3rd period - Shane Sims is hit by Matt Gilroy and loses puck.
0:41 of 3rd period - Slapshot by James Sheppard.
0:41 of 3rd period - Stopped by Marek Schwarz with a rebound.
0:43 of 3rd period - Snap shot by Kevin Veilleux.
0:43 of 3rd period - Shot Misses the Net.
0:45 of 3rd period - Slapshot by Joey Laleggia.
0:45 of 3rd period - Shot Misses the Net.
0:47 of 3rd period - Slapshot by Joey Laleggia.
0:47 of 3rd period - Stopped by Marek Schwarz with a rebound.
0:49 of 3rd period - Slapshot by Joey Laleggia.
0:49 of 3rd period - Shot Misses the Net.
1:08 of 3rd period - Off-side.
1:09 of 3rd period - Mike Zigomanis wins face-off versus Cody Eakin in neutral zone.
1:39 of 3rd period - Minor Penalty to Matt Gilroy for Holding.
1:40 of 3rd period - Mike Zigomanis wins face-off versus Christian Hanson in Rafales zone.
1:47 of 3rd period - Minor Penalty to Timothy Kunes for Cross-checking.
1:48 of 3rd period - Mike Zigomanis wins face-off versus Cody Eakin in Patriotes zone.
1:56 of 3rd period - Slapshot by Mike Zigomanis.
1:56 of 3rd period - Stopped by Marek Schwarz without a rebound.
1:57 of 3rd period - Cody Eakin wins face-off versus Mike Zigomanis in Patriotes zone.
1:57 of 3rd period - Cody Eakin is hit by Mike Zigomanis.
2:05 of 3rd period - Wrist shot by Cody McLeod.
2:05 of 3rd period - Stopped by Marek Schwarz with a rebound.
2:11 of 3rd period - Christian Hanson is hit by Mike Zigomanis and loses puck.
2:20 of 3rd period - Connor Murphy is hit by Christian Hanson and loses puck.
2:29 of 3rd period - Slapshot by Christian Hanson.
2:29 of 3rd period - Goal by Christian Hanson - Patriotes : 3 - Rafales : 0.
2:30 of 3rd period - Mike Zigomanis wins face-off versus Cody Eakin in neutral zone.
2:32 of 3rd period - Off-side.
2:33 of 3rd period - Mike Zigomanis wins face-off versus Cody Eakin in neutral zone.
3:39 of 3rd period - Penalty to Matt Gilroy is over, Matt Gilroy is back on ice.
3:47 of 3rd period - Penalty to Timothy Kunes is over, Timothy Kunes is back on ice.
3:51 of 3rd period - Snap shot by Milan Bartovic.
3:51 of 3rd period - Shot Misses the Net.
4:05 of 3rd period - Wrist shot by Timothy Kunes.
4:05 of 3rd period - Stopped by Leland Irving with a rebound.
4:49 of 3rd period - Dillon Heatherington is hit by Carl Klingberg and loses puck.
5:06 of 3rd period - Snap shot by Michael Ryder.
5:06 of 3rd period - Stopped by Marek Schwarz without a rebound.
5:07 of 3rd period - Christian Hanson wins face-off versus Mike Zigomanis in Patriotes zone.
5:14 of 3rd period - Wrist shot by Michael Ryder.
5:14 of 3rd period - Shot Misses the Net.
5:16 of 3rd period - Slapshot by Matt Gilroy.
5:16 of 3rd period - Deflect By Cody McLeod.
5:16 of 3rd period - Stopped by Marek Schwarz with a rebound.
5:30 of 3rd period - Snap shot by Cody McLeod.
5:30 of 3rd period - Shot Blocked by Shea Theodore.
5:46 of 3rd period - Snap shot by Emerson Etem.
5:46 of 3rd period - Stopped by Leland Irving with a rebound.
5:48 of 3rd period - Wrist shot by Emerson Etem.
5:48 of 3rd period - Stopped by Leland Irving with a rebound.
5:50 of 3rd period - Slapshot by Shea Theodore.
5:50 of 3rd period - Stopped by Leland Irving with a rebound.
6:12 of 3rd period - Cody McLeod is hit by Emerson Etem and loses puck.
6:45 of 3rd period - Wrist shot by Cody McLeod.
6:45 of 3rd period - Stopped by Marek Schwarz without a rebound.
6:46 of 3rd period - Nathan Davis wins face-off versus Cody Eakin in Patriotes zone.
6:57 of 3rd period - Snap shot by Nathan Davis.
6:57 of 3rd period - Stopped by Marek Schwarz with a rebound.
7:00 of 3rd period - Icing by Cody Eakin.
7:01 of 3rd period - Cody Eakin wins face-off versus Kevin Veilleux in Patriotes zone.
7:08 of 3rd period - James Sheppard is hit by Tyler Randell and loses puck.
7:13 of 3rd period - Snap shot by Matt Calvert.
7:13 of 3rd period - Shot Misses the Net.
7:15 of 3rd period - Snap shot by Matt Calvert.
7:15 of 3rd period - Shot Blocked by Connor Murphy.
7:21 of 3rd period - Wrist shot by Tyler Randell.
7:21 of 3rd period - Stopped by Leland Irving without a rebound.
7:22 of 3rd period - Nathan Davis wins face-off versus Aleksander Barkov in Rafales zone.
7:32 of 3rd period - Slapshot by Aaron Ness.
7:32 of 3rd period - Shot Blocked by Milan Bartovic.
8:07 of 3rd period - Snap shot by Chris Terry.
8:07 of 3rd period - Deflect By Cedric Paquette.
8:07 of 3rd period - Shot Misses the Net.
8:07 of 3rd period - Puck is out of play.
8:08 of 3rd period - Cedric Paquette wins face-off versus Jared Knight in Patriotes zone.
8:09 of 3rd period - Wrist shot by Chris Terry.
8:09 of 3rd period - Stopped by Marek Schwarz with a rebound.
8:11 of 3rd period - Slapshot by Julian Melchiori.
8:11 of 3rd period - Stopped by Marek Schwarz without a rebound.
8:12 of 3rd period - Cedric Paquette wins face-off versus Cody Eakin in Patriotes zone.
8:13 of 3rd period - Wrist shot by Chris Terry.
8:13 of 3rd period - Stopped by Marek Schwarz with a rebound.
8:47 of 3rd period - Snap shot by Christian Hanson.
8:47 of 3rd period - Shot Hit the Post.
8:59 of 3rd period - Wrist shot by Aleksander Barkov.
8:59 of 3rd period - Stopped by Leland Irving without a rebound.
9:00 of 3rd period - Nathan Davis wins face-off versus Aleksander Barkov in Rafales zone.
9:25 of 3rd period - Wrist shot by Matt Gilroy.
9:25 of 3rd period - Goal by Matt Gilroy - Patriotes : 3 - Rafales : 1.
9:26 of 3rd period - Mike Zigomanis wins face-off versus Cody Eakin in neutral zone.
9:29 of 3rd period - Slapshot by Matt Gilroy.
9:29 of 3rd period - Deflect By Shane Sims.
9:29 of 3rd period - Stopped by Marek Schwarz with a rebound.
10:17 of 3rd period - Matt Gilroy is hit by Borna Rendulic and loses puck.
10:40 of 3rd period - Snap shot by Cody Eakin.
10:40 of 3rd period - Stopped by Leland Irving without a rebound.
10:41 of 3rd period - Mike Zigomanis wins face-off versus Cody Eakin in Rafales zone.
10:49 of 3rd period - Minor Penalty to Timothy Kunes for Interference.
10:50 of 3rd period - Mike Zigomanis wins face-off versus Cody Eakin in Patriotes zone.
10:56 of 3rd period - Slapshot by Cody McLeod.
10:56 of 3rd period - Deflect By Michael Ryder.
10:56 of 3rd period - Shot Misses the Net.
10:56 of 3rd period - Puck is out of play.
10:57 of 3rd period - Mike Zigomanis wins face-off versus Cody Eakin in Patriotes zone.
12:11 of 3rd period - Michael Ryder is hit by Robert Baillargeon and loses puck.
12:30 of 3rd period - Nathan Davis is hit by Tyler Randell and loses puck.
12:49 of 3rd period - Penalty to Timothy Kunes is over, Timothy Kunes is back on ice.
13:12 of 3rd period - Slapshot by Aleksander Barkov.
13:12 of 3rd period - Stopped by Leland Irving with a rebound.
13:24 of 3rd period - Slapshot by Connor Murphy.
13:24 of 3rd period - Shot Blocked by Timothy Kunes.
13:26 of 3rd period - Slapshot by Connor Murphy.
13:26 of 3rd period - Stopped by Marek Schwarz with a rebound.
13:28 of 3rd period - Wrist shot by Matt Gilroy.
13:28 of 3rd period - Deflect By Shea Theodore.
13:28 of 3rd period - Stopped by Marek Schwarz with a rebound.
13:30 of 3rd period - Slapshot by Cedric Paquette.
13:30 of 3rd period - Stopped by Marek Schwarz with a rebound.
13:52 of 3rd period - Snap shot by Matt Calvert.
13:52 of 3rd period - Stopped by Leland Irving without a rebound.
13:53 of 3rd period - Cody Eakin wins face-off versus Cedric Paquette in Rafales zone.
14:05 of 3rd period - Minor Penalty to James Marcou for Cross-checking.
14:06 of 3rd period - Mike Zigomanis wins face-off versus Cody Eakin in Rafales zone.
14:18 of 3rd period - Snap shot by Matt Calvert.
14:18 of 3rd period - Stopped by Leland Irving with a rebound.
14:20 of 3rd period - Snap shot by Matt Calvert.
14:20 of 3rd period - Deflect By Tyler Randell.
14:20 of 3rd period - Shot Blocked by Mike Zigomanis.
14:20 of 3rd period - Puck is out of play.
14:21 of 3rd period - Mike Zigomanis wins face-off versus Cody Eakin in Rafales zone.
14:34 of 3rd period - Snap shot by Matt Calvert.
14:34 of 3rd period - Stopped by Leland Irving without a rebound.
14:35 of 3rd period - Cody Eakin wins face-off versus Mike Zigomanis in Rafales zone.
16:05 of 3rd period - Penalty to James Marcou is over, James Marcou is back on ice.
16:13 of 3rd period - Slapshot by Nathan Davis.
16:13 of 3rd period - Shot Misses the Net.
16:15 of 3rd period - Snap shot by Nathan Davis.
16:15 of 3rd period - Stopped by Marek Schwarz with a rebound.
16:43 of 3rd period - Minor Penalty to Shea Theodore for Delaying the game.
16:44 of 3rd period - Mike Zigomanis wins face-off versus Cody Eakin in Patriotes zone.
18:43 of 3rd period - Penalty to Shea Theodore is over, Shea Theodore is back on ice.
18:51 of 3rd period - Cody Eakin is hit by Dylan McIlrath and loses puck.
19:28 of 3rd period - Wrist shot by Cody Eakin.
19:28 of 3rd period - Stopped by Leland Irving with a rebound.
19:30 of 3rd period - Slapshot by David Kolomatis.
19:30 of 3rd period - Stopped by Leland Irving with a rebound.
19:32 of 3rd period - Snap shot by David Kolomatis.
19:32 of 3rd period - Shot Misses the Net.
19:34 of 3rd period - Wrist shot by Christian Hanson.
19:34 of 3rd period - Shot Misses the Net.
19:36 of 3rd period - Slapshot by Cody Eakin.
19:36 of 3rd period - Shot Misses the Net.
19:38 of 3rd period - Slapshot by Aaron Ness.
19:38 of 3rd period - Deflect By Cody Eakin.
19:38 of 3rd period - Goal by Cody Eakin - Patriotes : 4 - Rafales : 1.
19:39 of 3rd period - Mike Zigomanis wins face-off versus Aleksander Barkov in neutral zone.
19:41 of 3rd period - Minor Penalty to Matt Gilroy for Hooking.
19:42 of 3rd period - Mike Zigomanis wins face-off versus Cody Eakin in Rafales zone.
19:42 of 3rd period - Mike Zigomanis is hit by Tyler Randell.
Goals for this period are 2 for Patriotes vs 1 for Rafales.
Shots for this period are 15 for Patriotes vs 18 for Rafales.
Back to the Top